 Dungeon Crawl Stone Soup version 0.29-a0-380-gf50f0a9fbc (webtiles) character file.

Game seed: 8690706926633335905

29 domi the Magician (level 3, -1/24 HPs)
             Began as a Demonspawn Hedge Wizard on May 5, 2022.
             Slain by a gnoll
             ... wielding a +0 spear
              (2 damage)
             ... on level 2 of the Dungeon.
             The game lasted 00:01:54 (1273 turns).

domi the Magician (Demonspawn Hedge Wizard)         Turns: 1273, Time: 00:01:55

Health: -1/24      AC:  4    Str: 10    XL:     3   Next: 1%
Magic:  7/7        EV: 12    Int: 17    God:
Gold:   19         SH:  0    Dex: 12    Spells: 7/8 levels left

rFire   . . .      SeeInvis .   a - +0 dagger
rCold   . . .      Faith    .   (no shield)
rNeg    . . .      Spirit   .   b - +0 robe
rPois   .          Reflect  .   f - +0 helmet
rElec   .          Harm     .   (no cloak)
rCorr   .          Rampage  .   h - +0 pair of gloves
Will    .....                   (no boots)
Stlth   ++........              (no amulet)
HPRegen 0.08/turn               (no ring)
MPRegen 0.10/turn               (no ring)

@: no status effects
A: demonic guardian 1, demonic touch 1
a: no special abilities


You were on level 2 of the Dungeon.
You visited 1 branch of the dungeon, and saw 2 of its levels.

You collected 19 gold pieces.

Inventory:

Hand Weapons
 a - a +0 dagger (weapon)
Armour
 b - a +0 robe (worn)
 c - a +0 hat
 f - a +0 helmet (worn)
   (You found it on level 1 of the Dungeon)
 h - a +0 pair of gloves (worn)
   (You found it on level 1 of the Dungeon)
Scrolls
 e - a scroll of enchant armour {unknown}
 j - a scroll of noise {unknown}
Potions
 d - a potion of magic
 g - a potion of brilliance {unknown}
 i - a potion of mutation {unknown}
 k - a potion of heal wounds {unknown}


   Skills:
 - Level 1.7 Dodging
 - Level 1.7 Stealth
 - Level 3.0 Spellcasting
 + Level 3.0 Conjurations
 - Level 1.0 Summonings
 - Level 0.8 Translocations


You had 7 spell levels left.
You knew the following spells:

 Your Spells              Type           Power      Damage    Failure   Level
z - Magic Dart            Conj           48%        1d5       4%          1

Your spell library contained the following spells:

 Spells                   Type           Power      Damage    Failure   Level
 Slow                     Hex            8%         N/A       17%         1
 Call Imp                 Summ           5%         N/A       17%         2
 Blink                    Tloc           10%        N/A       19%         2
 Conjure Flame            Conj/Fire      7%         6-21      28%         3
 Mephitic Cloud           Conj/Pois/Air  6%         N/A       34%         3


Dungeon Overview and Level Annotations

Branches:
Dungeon (2/15)

Altars:

Annotations:
D:2 Natasha


Innate Abilities, Weirdness & Mutations

A weak demonic guardian rushes to your aid.
Your touch may inflict minor irresistible damage on your foes.


Message History

MP restored: 6 A ball python is nearby!
A ball python is nearby!
A ball python is nearby!
Aim: a ball python (asleep, 100% to hit)
The magic dart hits the ball python.
The ball python hisses angrily.
You now have 5/6 mp.
Aim: a ball python (moderately wounded, 100% to hit)
The magic dart hits the ball python.
You now have 4/6 mp.
Aim: a ball python (severely wounded, 100% to hit)
The magic dart hits the ball python.
You kill the ball python!
You now have 3/6 mp.
You can't see any susceptible monsters within range! (Use Z to cast anyway.)
You can't see any susceptible monsters within range! (Use Z to cast anyway.)
You now have 19 gold pieces (gained 7).
A goblin comes into view. It is wielding a +0 club.
Found a stone staircase leading up.
MP restored: 6 A goblin is nearby!
A goblin is nearby!
Aim: a goblin, wielding a +0 club (asleep, 100% to hit)
The magic dart hits the goblin.
You kill the goblin!
Your Conjurations skill increases to level 3!
You now have 5/6 mp.
You can't see any susceptible monsters within range! (Use Z to cast anyway.)
You can't see any susceptible monsters within range! (Use Z to cast anyway.)
You can't see any susceptible monsters within range! (Use Z to cast anyway.)
You open the door.
There is an open door here.
You see here a +0 club.
A gnoll comes into view. It is wielding a +0 spear.
The gnoll shouts!
The gnoll moves out of view.
MP restored: 6 2 gnolls come into view.
The gnoll shouts!
You hear a shout!
A gnoll comes into view. It is wielding a +0 flail.
There are monsters nearby!
There are monsters nearby!
Aim: a gnoll, wielding a +0 spear (100% to hit)
Okay, then.
You see here a +0 club.
There is an open door here.
There is a stone staircase leading up here.
You climb upwards.
There is a stone staircase leading down here.
Found an escape hatch in the floor.
Found a stone staircase leading down.
A giant cockroach comes into view.
A giant cockroach is nearby!
Aim: a giant cockroach (asleep, 100% to hit)
The magic dart hits the giant cockroach.
You now have 5/6 mp.
Aim: a giant cockroach (moderately wounded, 100% to hit)
The magic dart hits the giant cockroach but does no damage.
You now have 4/6 mp.
Aim: a giant cockroach (moderately wounded, 100% to hit)
The magic dart hits the giant cockroach.
You now have 3/6 mp.
Aim: a giant cockroach (heavily wounded, 100% to hit)
The magic dart hits the giant cockroach.
You kill the giant cockroach!
You have reached level 3!
Your experience leads to an increase in your attributes!
Increase (s)trength, (i)ntelligence, or (d)exterity?
You feel clever. x2
You feel monstrous as your demonic heritage exerts itself.
Your demonic ancestry asserts itself...
Your hands begin to faintly glow with unholy energy.
Health restored: 24 You now have 2/7 mp.
You see here a giant cockroach corpse.
There is a stone staircase leading down here.
You climb downwards.
Level annotation: Natasha
There is a stone staircase leading up here.
A gnoll is nearby!
A gnoll is nearby!
MP restored: 7 A gnoll is nearby!
The gnoll shouts!
The gnoll hits you from afar with a +0 spear.
You take 4 damage, and have 20/24 hp.
The gnoll barely misses you.
The gnoll hits you from afar with a +0 spear.
You take 4 damage, and have 16/24 hp.
The gnoll hits you from afar with a +0 spear!
You take 8 damage, and have 8/24 hp.
MASSIVE DAMAGE!!
The gnoll hits you from afar with a +0 spear!
* * * LOW HITPOINT WARNING * * *
A demonic guardian appears!
You take 7 damage, and have 1/24 hp.
MASSIVE DAMAGE!!
The gnoll hits you from afar with a +0 spear.
You die...

# ###### #. #....#
##.###....#
+....#....#
###......########
#.5.@...........#####
#.##..#########......
#.#.g.....# #..####
#####.#.#..##.# #..#
.............># #..#
#####.#.##.##.# #..#
...#.##..#.# #..#
########.###รท#.#
#..####
#<...........#.#
#......


You could see a gnoll (ally target) and a friendly shadow imp (summoned,
wandering).

Vanquished Creatures
  6 ball pythons
  2 bats (D:1)
  An endoplasm (D:2)
  3 giant cockroaches (D:1)
  4 goblins
  2 jackals (D:1)
  4 kobolds (D:1)
  3 rats
25 creatures vanquished.

Vanquished Creatures (others)
  4 demonic plants (D:1)
  5 fungi (D:1)
  4 plants (D:1)
  2 withered plants (D:1)
15 creatures vanquished.

Grand Total: 40 creatures vanquished

Notes
Turn   | Place    | Note
-------+----------+-------------------------------------------
     0 | D:1      | domi the Demonspawn Hedge Wizard began the quest for the
                  | Orb.
     0 | D:1      | Reached XP level 1. HP: 13/13 MP: 4/4
   280 | D:1      | Found a faded altar of an unknown god.
   342 | D:1      | Reached skill level 2 in Conjurations
   345 | D:1      | Gained mutation: A weak demonic guardian rushes to your
                  | aid. [demonic ancestry]
   345 | D:1      | Reached XP level 2. HP: 11/19 MP: 0/6
   865 | D:1      | You fall into a shaft and drop 1 floor!
   896 | D:2      | Noticed Natasha
  1076 | D:2      | Reached skill level 3 in Conjurations
  1195 | D:1      | Discovered your monstrous ancestry.
  1195 | D:1      | Gained mutation: Your touch may inflict minor irresistible
                  | damage on your foes. [demonic ancestry]
  1195 | D:1      | Reached XP level 3. HP: 24/24 MP: 2/7
  1272 | D:2      | HP: 1/24 [gnoll/+0 spear (7)]
  1273 | D:2      | Slain by a gnoll

Illustrated notes

Levels and vault maps discovered:
D:1:      dpeg_arrival_brainrot, layout_basic, shapermc_ecumenical_altar_gd,
          minmay_surrounded
D:2:      layout_basic, minmay_misc_feat_chi, uniq_natasha

Skill      XL: |  1  2 |
---------------+-------+-----
Conjurations   | 2 3 |  3.0
Dodging        | |  1.7
Stealth        | |  1.7
Spellcasting   | |  3.0
Summonings     | |  1.0
Translocations | |  0.8

Action                   || total
-------------------------++-------
Melee: Dagger            ||     9
 Cast: Magic Dart        ||    53
Armor: Robe              ||    10
Dodge: Dodged            ||    27

Table legend: (Time is in decaauts)
 A = Elapsed time spent in this place.
 B = Non-inter-level travel time spent in this place.
 C = Inter-level travel time spent in this place.
 D = Time resting spent in this place.
 E = Time spent auto-exploring this place.
 F = Levels seen in this place.
 G = Mean time per level.
                   A        B        C        D        E       F      G
               +--------+--------+--------+--------+--------+-----+--------+
         Total |   1273 |   1273 |      0 |    109 |    992 |   2 |  636.5 |
       Dungeon |   1273 |   1273 |      0 |    109 |    992 |   2 |  636.5 |
               +--------+--------+--------+--------+--------+-----+--------+

Top non-repeatable levels by time:
     D:1: 912 daAuts
     D:2: 361 daAuts

Table legend:
 A = Kills in this place as a percentage of kills in entire the game.
 B = Kills by you in this place as a percentage of kills by you in the entire game.
 C = Kills by friends in this place as a percentage of kills by friends in the entire game.
 D = Other kills in this place as a percentage of other kills in the entire game.
 E = Experience gained in this place as a percentage of experience gained in the entire game.
 F = Experience gained in this place divided by the number of levels of this place that you have seen.
                   A       B       C       D       E      F
               +-------+-------+-------+-------+-------+----------------------
         Total | 100.0 | 100.0 |   N/A |   N/A | 100.0 |  21.0
       Dungeon | 100.0 | 100.0 |   N/A |   N/A | 100.0 |  21.0
               +-------+-------+-------+-------+-------+----------------------
